Map: Thunderbird LE

Players

Serral - Winner!

  • Race: Zerg Zerg
  • Spawn Location: 5:00

Has

  • Race: Protoss Protoss
  • Spawn Location: 11:00

VOD

Have the link to the VOD?

Description

Time

  • Played on: Sept. 6, 2019, 8:37 p.m.
  • Length: 9:10
Show
View Real Time Build Order
Export as new Build Order

Serral Zerg - Winner!

Build Orders: Hatch First 

Get SALT Encoding   

  12  0:00  Drone  
  13  0:12  Overlord  
  13  0:16  Drone  
  14  0:31  Drone x2  
  16  0:47  Hatchery  
  15  0:51  Drone  
  15  0:54  Drone  
  17  0:57  Drone  
  18  1:07  Extractor  
  17  1:12  Spawning Pool  
  17  1:16  Drone  
  17  1:19  Drone  
  18  1:28  Drone  
  19  1:38  Drone  
  20  1:49  Overlord  
  20  1:59  Queen x2  
  20  2:00  Zergling x4  
  26  2:10  Drone x2  
  28  2:21  Drone x2  
  30  2:28  Hatchery  
  29  2:35  Drone, Pneumatized Carapace  
  30  2:41  Queen  
  32  2:46  Overlord  
  32  2:50  Drone  
  33  2:52  Drone  
  33  2:55  Drone  
  33  2:57  Drone  
  36  3:07  Zergling x2  
  36  3:08  Drone  
  36  3:09  Metabolic Boost  
  36  3:12  Spore Crawler, Drone  
  38  3:16  Spore Crawler  
  37  3:20  Drone x2  
  37  3:26  Drone x3  
  42  3:30  Drone  
  43  3:39  Queen  
  43  3:40  Overlord  
  45  3:43  Drone x2  
  47  3:51  Queen  
  47  3:52  Drone x2  
  49  3:56  Spore Crawler, Drone  
  48  4:03  Zergling x6  
  48  4:04  Drone  
  48  4:08  Overlord  
  48  4:09  Zergling x2  
  53  4:10  Drone  
  53  4:14  Drone x2  
  56  4:21  Zergling x2  
  56  4:23  Overlord  
  57  4:24  Overlord  
  57  4:27  Drone x3  
  58  4:34  Lair  
  58  4:35  Drone x2  
  58  4:36  Drone  
  58  4:38  Drone  
  62  4:44  Drone x2  
  62  4:49  Overlord  
  62  4:50  Roach Warren  
  62  4:51  Drone x3  
  64  4:57  Extractor x2, Zergling x4  
  64  5:00  Drone x3  
  64  5:03  Overlord  
  64  5:04  Drone  
  68  5:07  Drone x2  
  68  5:09  Drone  
  68  5:13  Evolution Chamber, Extractor x2  
  68  5:16  Drone x2  
  71  5:21  Drone x6  
  71  5:23  Overlord  
  71  5:26  Overlord  
  76  5:30  Drone x4  
  76  5:34  Overlord  
  80  5:39  Drone  
  80  5:40  Zerg Missile Weapons Level 1, Glial Reconstitution  
  80  5:42  Overlord  
  80  5:43  Overseer  
  80  5:50  Drone  
  80  5:51  Extractor, Drone  
  80  5:53  Hatchery  
  80  5:54  Roach x2  
  84  5:59  Overlord  
  84  6:00  Roach x3  
  90  6:04  Drone  
  90  6:05  Drone  
  90  6:07  Infestation Pit  
  92  6:12  Overlord  
  92  6:13  Roach x5  
  92  6:17  Infestation Pit  
  101  6:20  Roach x3  
  101  6:23  Baneling Nest  
  101  6:25  Overlord  
  107  6:27  Roach x2  
  107  6:32  Roach x3  
  117  6:39  Overlord  
  119  6:40  Roach x4  
  125  6:47  Overlord x2  
  125  6:56  Roach x4  
  125  6:57  Zergling x2  
  134  7:05  Zergling x4  
  134  7:07  Centrifical Hooks  
  135  7:14  Zergling x24  
  147  7:18  Ravager  
  147  7:19  Ravager x3  
  147  7:21  Baneling x6  
  151  7:26  Overlord x2  
  151  7:29  Zergling x2, Roach x3  
  158  7:33  Baneling x13  
  156  7:43  Overlord x2  
  156  7:46  Zergling x8  
  160  7:52  Baneling x9  
  160  7:54  Zergling x2  
  160  7:55  Zergling x6  
  164  8:01  Ravager  
  164  8:02  Zergling x10  
  164  8:03  Zergling x2  
  170  8:08  Zergling x12  
  172  8:18  Zergling x6  
  172  8:19  Zergling x14  
  182  8:29  Baneling x14  
  182  8:30  Baneling x7  
  180  8:35  Zergling x10  
  180  8:38  Ravager x2  
  183  8:46  Drone x9  
  189  8:53  Zergling x14  
Show
View Real Time Build Order
Export as new Build Order

Has Protoss 

Build Orders: 1 Gate Expand, Oracle Opening, Phoenix Opening, Archon Immortal 

Get SALT Encoding   

  12  0:00  Probe  
  13  0:12  Probe  
  14  0:19  Pylon  
  14  0:25  Probe  
  15  0:29  Assimilator  
  15  0:34  Probe  
  16  0:43  Gateway, Probe  
  17  0:53  Probe  
  18  1:05  Probe  
  19  1:22  Nexus  
  19  1:30  Cybernetics Core  
  19  1:33  Probe  
  19  1:38  Assimilator  
  20  1:45  Probe  
  21  1:51  Pylon  
  21  1:57  Probe  
  21  1:59  Adept  
  22  2:12  Stargate  
  24  2:16  Probe  
  24  2:22  Warp Gate  
  25  2:29  Adept  
  27  2:30  Probe  
  27  2:34  Probe  
  29  2:42  Probe x2  
  30  2:50  Probe  
  31  2:52  Oracle  
  31  2:54  Probe  
  36  3:02  Probe  
  37  3:06  Probe  
  38  3:14  Probe  
  38  3:18  Probe  
  40  3:26  Probe  
  39  3:28  Pylon, Phoenix  
  39  3:30  Probe  
  39  3:32  Robotics Facility  
  40  3:38  Probe  
  43  3:42  Probe, Assimilator  
  44  3:50  Probe, Assimilator  
  44  3:54  Probe  
  46  4:02  Probe  
  47  4:05  Nexus  
  47  4:06  Pylon  
  47  4:07  Probe  
  48  4:10  Adept  
  48  4:14  Probe  
  51  4:19  Pylon, Probe  
  52  4:26  Immortal, Probe  
  52  4:31  Probe  
  54  4:36  Sentry  
  56  4:38  Probe  
  56  4:43  Probe  
  56  4:50  Gateway, Probe  
  56  4:52  Gateway  
  57  4:53  Twilight Council  
  57  4:54  Probe  
  57  4:55  Forge  
  58  5:02  Probe  
  58  5:03  Probe  
  60  5:08  Immortal  
  60  5:10  Protoss Ground Weapons Level 1  
  64  5:16  Probe  
  64  5:17  Probe  
  67  5:22  Gateway, Charge  
  67  5:24  Gateway  
  67  5:26  Pylon  
  67  5:30  Pylon  
  67  5:34  Probe  
  67  5:35  Probe  
  68  5:40  Sentry  
  68  5:42  Immortal  
  71  5:49  Gateway  
  72  5:50  Gateway  
  74  5:57  Probe x2  
  74  5:58  Gateway  
  74  6:00  Probe  
  77  6:08  Pylon  
  77  6:09  Zealot x3  
  83  6:14  Warp Prism  
  83  6:17  Pylon  
  83  6:23  Templar Archives  
  85  6:26  Probe x2  
  85  6:28  Zealot  
  85  6:30  Pylon  
  85  6:32  Zealot x2  
  93  6:40  Probe x2  
  93  6:41  Assimilator  
  93  6:42  Zealot x2  
  93  6:45  Pylon  
  93  6:47  Observer  
  99  6:48  Pylon  
  100  7:06  Pylon, High Templar x4  
  100  7:07  Zealot x4  
  116  7:10  Pylon, Archon x2  
  116  7:17  Nexus  
  116  7:18  Probe  
  116  7:19  Probe x2  
  119  7:23  Pylon  
  119  7:30  Zealot, High Templar x2  
  119  7:31  Zealot  
  119  7:34  Archon  
  119  7:36  Probe x3  
  126  7:45  Psionic Storm  
  126  7:46  Assimilator  
  126  7:50  Assimilator  
  126  7:57  Probe  
  127  8:00  Zealot x3, High Templar  
  127  8:13  Probe x3  
  127  8:14  Zealot x2, High Templar  
  127  8:15  Immortal, Zealot  
  138  8:23  Gateway  
  138  8:25  Gateway  
  134  8:28  Gateway  
  134  8:32  Zealot x3  
  134  8:33  Zealot  
  136  8:38  Stalker x3  
  105  8:58  Zealot  
  105  8:59  Zealot x2  
  105  9:02  Zealot x3  
Tags
 
Add a new tag
Caveats
  • Supply blocks, unpowered buildings, or Contaminate may cause inaccurate times.
  • Supply counts are checked every 10 seconds.